 Dungeon Crawl Stone Soup version 0.31-a0-700-gf13585253f (webtiles) character file.

Game seed: 8150815917808305945

79 qw the Shooter (level 4, 0/28 HPs)
             Began as a Gargoyle Hunter on Sept 7, 2023.
             Slain by a kobold
             ... wielding a +0 short sword
              (2 damage)
             ... on level 2 of the Dungeon.
             The game lasted 00:00:20 (469 turns).

qw the Shooter (Gargoyle Hunter)                     Turns: 469, Time: 00:00:20

Health: 0/28       AC:  4    Str: 14    XL:     4   Next: 38%
Magic:  4/4        EV: 11    Int: 10    God:
Gold:   59         SH:  0    Dex: 15    Spells: 3/3 levels left

rFire   + . .        Y - +0 shortbow
rCold   . . .        (shield currently unavailable)
rNeg    + . .        d - +2 leather armour {rF+}
rPois   inf          (no helmet)
rElec   +            (no cloak)
rCorr   .            (no gloves)
SInv    .            (no boots)
Will    +....        (no amulet)
Stlth   ++           h - ring of willpower
HPRegen 0.24/turn    (no ring)
MPRegen 0.09/turn

%: no passive effects
@: corroded
A: sickness immunity, AC +3, negative energy resistance 1, electricity
resistance, torment resistance 1, petrification resistance
a: no special abilities


You were on level 2 of the Dungeon.
You visited 1 branch of the dungeon, and saw 2 of its levels.

You collected 59 gold pieces.


Innate Abilities, Weirdness & Mutations

You are immune to sickness and miasma.
Your stone body is resilient. (AC +3)
You are immune to poison.
You resist negative energy. (rN+)
You are resistant to electric shocks. (rElec)
You are resistant to unholy torment.
You are immune to petrification.


   Skills:
 + Level 3.1 Fighting
 - Level 5.3 Ranged Weapons
 - Level 1.5 Dodging
 - Level 1.1 Stealth


You had 3 spell levels left.
You didn't know any spells.
Your spell library was empty.

Inventory:

Hand Weapons
 Y - a +0 shortbow (weapon)
Armour
 d - a +2 leather armour of fire resistance (worn)
Jewellery
 h - a ring of willpower (left hand)
Potions
 e - a potion of curing {unknown}
 g - a potion of heal wounds {unknown}

Dungeon Overview and Level Annotations

Branches:
Dungeon (2/15)

Altars:


Message History

The kobold closely misses you.
You shoot an arrow. The hobgoblin shouts!
The arrow hits the jelly but does no damage.
The jelly is moderately wounded.
The frilled lizard bites you but does no damage.
The jelly barely misses you.
The kobold hits you with a +0 short sword.
The frilled lizard bites you. The jelly closely misses you.
You shoot an arrow. The arrow hits the jelly.
The jelly is severely wounded.
The kobold hits you with a +0 short sword.
The jelly barely misses you. The frilled lizard barely misses you.
You shoot an arrow.
The arrow hits the jelly but does no damage.
The jelly is severely wounded.
The kobold hits you but does no damage. The jelly completely misses you.
The frilled lizard barely misses you.
You shoot an arrow.
The arrow hits the jelly but does no damage.
The jelly is severely wounded.
The kobold hits you with a +0 short sword.
The jelly hits you but does no damage. The frilled lizard closely misses you.
You shoot an arrow. The arrow hits the jelly.
The jelly is almost dead.
The hobgoblin barely misses you. The kobold barely misses you.
The frilled lizard barely misses you. The jelly hits you but does no damage.
The hobgoblin closely misses you. The kobold barely misses you.
You shoot an arrow. The arrow hits the jelly.
You kill the jelly!
The frilled lizard bites you but does no damage.
The kobold closely misses you. The hobgoblin barely misses you.
The frilled lizard bites you.
Your Fighting skill increases to level 3!
You have reached level 4!
You feel clever.
You shoot an arrow.
The arrow hits the hobgoblin but does no damage.
The hobgoblin misses you.
The kobold hits you with a +0 short sword.
You die...

# #............ #.
###.#........
#.####..........# #
#.....^#........#.##
#..
#.................
....##..$.w........#.
...........w....<.##
....#...l###..>....#
...
##.)K@g..........#
#..w##....#.....#
#..#.#...#..###..#
#...##....##..# #...
..## #..#. #... ....
.## ...# .... ..#
.... ..


You could see a dart slug, a hobgoblin, a kobold and a frilled lizard.

Vanquished Creatures
  A jelly (D:2)
  Jessica (D:2)
  A dart slug (D:1)
  A ball python (D:1)
  4 bats (D:1)
  2 giant cockroaches (D:1)
  3 goblins (D:1)
  A hobgoblin (D:1)
  A quokka (D:1)
  A frilled lizard (D:1)
  3 kobolds (D:1)
  2 rats
21 creatures vanquished.

Notes
Turn   | Place    | Note
-------+----------+-------------------------------------------
     0 | D:1      | qw the Gargoyle Hunter began the quest for the Orb.
     0 | D:1      | Reached XP level 1. HP: 12/12 MP: 1/1
     0 | D:1      | 0 ||| qw: Version: 0.3-a-76-g4403597
     0 | D:1      | 0 ||| qw: Game counter: 716
     0 | D:1      | 0 ||| qw: Melee chars always use a shield: true
     0 | D:1      | 0 ||| qw: God list: Okawaru
     0 | D:1      | 0 ||| qw: Allow faded altars: false
     0 | D:1      | 0 ||| qw: Do Orc after clearing Dungeon:15 true
     0 | D:1      | 0 ||| qw: Do second Lair branch before Depths: true
     0 | D:1      | 0 ||| qw: Lair rune preference: random
     0 | D:1      | 0 ||| qw: Goals: Normal
     0 | D:1      | 0 ||| PLANNING D:1-11
   148 | D:1      | Reached XP level 2. HP: 15/17 MP: 2/2
   412 | D:1      | 412 ||| UPGRADING to +2 leather armour of fire resistance.
   422 | D:1      | 422 ||| DROPPING +0 leather armour.
   423 | D:1      | 423 ||| UPGRADING to ring of willpower.
   424 | D:1      | 424 ||| READING scroll labelled GIOROPTU OCSI.
   425 | D:1      | 425 ||| READING scroll labelled YMOVVI CUCA.
   429 | D:1      | 429 ||| DROPPING scroll of butterflies.
   440 | D:2      | Noticed Jessica
   444 | D:2      | 444 ||| RETREATING.
   445 | D:2      | 445 ||| Stepping ~*~*~tactically~*~*~ (retreating).
   446 | D:2      | 446 ||| Stepping ~*~*~tactically~*~*~ (retreating).
   447 | D:2      | 447 ||| Stepping ~*~*~tactically~*~*~ (retreating).
   448 | D:2      | 448 ||| Stepping ~*~*~tactically~*~*~ (retreating).
   449 | D:2      | 449 ||| Stepping ~*~*~tactically~*~*~ (retreating).
   450 | D:2      | 450 ||| Stepping ~*~*~tactically~*~*~ (retreating).
   451 | D:2      | 451 ||| Stepping ~*~*~tactically~*~*~ (retreating).
   452 | D:2      | 452 ||| Stepping ~*~*~tactically~*~*~ (retreating).
   453 | D:2      | 453 ||| Stepping ~*~*~tactically~*~*~ (retreating).
   454 | D:2      | 454 ||| Stepping ~*~*~tactically~*~*~ (retreating).
   456 | D:2      | Reached XP level 3. HP: 16/21 MP: 3/3
   456 | D:2      | Killed Jessica
   457 | D:2      | Reached skill level 5 in Ranged Weapons
   461 | D:2      | HP: 5/21 [acid (9)]
   464 | D:2      | HP: 2/21 [kobold/+0 short sword (1)]
   469 | D:2      | Reached skill level 3 in Fighting
   469 | D:2      | Reached XP level 4. HP: 2/28 MP: 4/4
   469 | D:2      | Slain by a kobold

Levels and vault maps discovered:
D:1:      tekkud_arrival_beachfront_property, layout_rooms
D:2:      layout_rooms, nrook_mini_vaults, uniq_crazy_yiuf_cottage,
          uniq_jessica, uniq_terence

Skill      XL: |  1  2  3 |
---------------+----------+-----
Ranged Weapons | 5 |  5.3
Fighting       | 3 |  3.1
Dodging        | |  1.5
Stealth        | |  1.1

Action                     |  1- 3 |  4- 6 || total
---------------------------+-------+-------++-------
   Fire: Shortbow          |    73 |     1 ||    74
    Use: Scroll            |     2 |       ||     2
 Armour: Leather armour    |    41 |     1 ||    42
  Dodge: Dodged            |    54 |     1 ||    55

Table legend:
 A = Non-vault XP
 B = Vault XP
 C = Vault XP percentage of total XP
 D = Non-vault monster count
 E = Vault monster count
 F = Vault count percentage of total count
                 A         B        C        D         E       F
            +---------+---------+-------+---------+---------+-------
      Total |      77 |      37 |  32.5 |      20 |       1 |   4.8
            +---------+---------+-------+---------+---------+-------
        D:1 |      33 |       0 |   0.0 |      18 |       0 |   0.0
        D:2 |      44 |      37 |  45.7 |       2 |       1 |  33.3
            +---------+---------+-------+---------+---------+-------
